 Dungeon Crawl Stone Soup version 0.14-a0-218-g24e112a (webtiles) character file.

182 Malachi the Skirmisher (level 3, -3/28 HPs)
             Began as a Mummy Abyssal Knight on Oct 8, 2013.
             Was a Believer of Lugonu.
             Slain by a worker ant (7 damage)
             ... on Level 3 of the Dungeon.
             The game lasted 00:04:22 (2675 turns).

Malachi the Skirmisher (Mummy Abyssal Knight)       Turns: 2675, Time: 00:04:22

HP  -3/28        AC  4     Str 16      XL: 3   Next: 66%
MP   3/3         EV 11     Int 11      God: Lugonu [**....]
Gold 128         SH  0     Dex 11      Spells:  0 memorised,  2 levels left

Res.Fire  : x . .   See Invis. : .   f - +4,+1 whip
Res.Cold  : + . .   Warding    : .   b - +0 leather armour
Life Prot.: + + +   Conserve   : .   (no shield)
Res.Poison: +       Res.Corr.  : .   (no helmet)
Res.Elec. : .       Clarity    : .   (no cloak)
Sust.Abil.: . .     Spirit.Shd : .   h - +0 pair of gloves
Res.Mut.  : .       Stasis     : .   (no boots)
Res.Rott. : +       Flight     : .   (no amulet)
Saprovore : . . .                    (no ring)
                                     (no ring)

@: slightly resistant to hostile enchantments, very unstealthy
A: no food or potions, fire vulnerability, restore body, cold resistance 1, life
protection 3, poison resistance, torment resistance, unbreathing
a: Depart the Abyss, Bend Space, Renounce Religion


You were on level 3 of the Dungeon.
You worshipped Lugonu.
Lugonu was pleased with you.
You were not hungry.

You visited 1 branch of the dungeon, and saw 3 of its levels.
You visited the Abyss 1 time.

You collected 108 gold pieces.

Inventory:

Hand weapons
 a - a +2,+2 mace
 f - a +4,+1 whip (weapon)
Armour
 b - a +0 leather armour (worn)
 h - a +0 pair of gloves (worn)
Scrolls
 c - 2 scrolls of teleportation {unknown}
 d - a scroll of magic mapping {unknown}
 e - a scroll of enchant armour {unknown}
 g - a scroll of enchant weapon II {unknown}
 i - a scroll of identify {unknown}


   Skills:
 + Level 3.4 Fighting
 * Level 2.3 Maces & Flails
 + Level 1.9 Armour
 + Level 1.2 Dodging
 + Level 1.9 Invocations


You had 2 spell levels left.
You didn't know any spells.

Dungeon Overview and Level Annotations

Branches:
Dungeon (3/27)

Altars:


Innate Abilities, Weirdness & Mutations

You do not eat or drink.
Your flesh is vulnerable to fire.
Your flesh is cold resistant.
You are immune to negative energy.
Your system is resistant to poisons.
You are immune to unholy pain and torment.
You can survive without breathing.


Message History

The worker ant is lightly wounded.
The worker ant barely misses you.
You closely miss the worker ant.
The worker ant is lightly wounded.
The worker ant misses you. The worker ant bites you.
* * * LOW HITPOINT WARNING * * *
You barely miss the worker ant.
The worker ant is lightly wounded.
The worker ant closely misses you.
You hit the worker ant but do no damage.
The worker ant is lightly wounded.
The worker ant barely misses you.
You closely miss the worker ant.
The worker ant is lightly wounded.
The worker ant bites you but does no damage.
You closely miss the worker ant.
The worker ant is lightly wounded.
The worker ant bites you!
You die...

.### #...###.# .# #...#...#
.# #####...### .# #.....#####
.# ###...#...# .#
######...#...# .#####
#............#
............##.#.....# .#####
##.#. #.#@....#
.########.#.##.##a...#
..............>...##.####
................#......!#
............#...#(......#
..#######.#.#...#.......###
..# ###.#...............#
..................#.......#
.###..........###.#..#......#


You could see a worker ant.

Vanquished Creatures
  A worm (D:2)
  6 giant cockroaches
  8 hobgoblins
  A ball python (D:2)
  7 bats
  3 giant newts (D:2)
  6 goblins
  7 kobolds
  8 rats
47 creatures vanquished.

Notes
Turn   | Place    | Note
--------------------------------------------------------------
     0 | Abyss:1  | Malachi, the Mummy Abyssal Knight, began the quest for the Orb.
     0 | Abyss:1  | Reached XP level 1. HP: 16/16 MP: 1/1
    31 | Abyss:1  | Noticed an apocalypse crab
   109 | Abyss:1  | Noticed a large abomination
   119 | Abyss:1  | Noticed a large abomination
   123 | Abyss:1  | Noticed a large abomination
   137 | D:1      | Escaped the Abyss
   332 | D:1      | Acquired Lugonu's first power
   425 | D:1      | Reached XP level 2. HP: 22/22 MP: 2/2
  1377 | D:2      | Acquired Lugonu's second power
  1377 | D:2      | Reached XP level 3. HP: 24/28 MP: 3/3
  1727 | D:2      | Reached skill level 1 in Dodging
  2675 | D:3      | Slain by a worker ant

Action                   || total
-------------------------++-------
Melee: Mace              ||    55
       Whip              ||   146
Throw: Tomahawk          ||     3
Invok: Depart the Abyss  ||     1
